 Seeded DCSS version 0.29.1-2-gbd0b4ee654 (webtiles) character file.

Game seed: 3311 (custom seed)

1908 Ashen the Grave Robber (level 8, -5/62 HPs)
             Began as a Demonspawn Necromancer on Oct 28, 2022.
             Was a Follower of Vehumet.
             Slain by a killer bee (7 damage)
             ... on level 7 of the Dungeon.
             The game lasted 00:17:45 (9945 turns).

Ashen the Grave Robber (Demonspawn Necromancer)     Turns: 9945, Time: 00:17:46

Health: -5/62      AC:  4    Str:  8    XL:     8   Next: 94%
Magic:  2/15       EV: 14    Int: 18    God:    Vehumet [*.....]
Gold:   346        SH:  0    Dex: 15    Spells: 2/17 levels left

rFire   . . .      SeeInvis .   g - +0 short sword (venom)
rCold   . . .      Faith    .   (no shield)
rNeg    . . .      Spirit   .   k - +0 leather armour
rPois   .          Reflect  .   a - +0 helmet
rElec   .          Harm     .   (no cloak)
rCorr   .          Rampage  .   (no gloves)
Will    +....                   (no boots)
Stlth   +++.......              (no amulet)
HPRegen 0.20/turn               (no ring)
MPRegen 0.14/turn               (no ring)

@: mighty, lethally poisoned (-5 -> -11), attractive
A: powered by pain 1, sturdy frame 2, weakness stinger 1, strong-willed 1,
MP-powered wands
a: Renounce Religion


You were on level 7 of the Dungeon.
You worshipped Vehumet.
Vehumet was aware of your devotion.
You visited 1 branch of the dungeon, and saw 7 of its levels.

You collected 346 gold pieces.

Inventory:

Hand Weapons
 g - a +0 short sword of venom (weapon)
Armour
 a - a +0 helmet (worn)
 k - a +0 leather armour (worn)
Magical Staves
 e - a staff of death
Scrolls
 c - 4 scrolls of teleportation
 f - 4 scrolls of identify {unknown}
 j - 2 scrolls of noise {unknown}
 l - a scroll of enchant armour {unknown}
 m - a scroll of fear {unknown}
 n - 2 scrolls of poison {unknown}
 o - a scroll of immolation {unknown}
 q - a scroll of amnesia {unknown}
 r - a scroll of vulnerability {unknown}
 t - a scroll of blinking {unknown}
Potions
 b - a potion of brilliance {unknown}
 d - a potion of heal wounds {unknown}
 h - a potion of attraction
 i - 2 potions of resistance {unknown}
 p - a potion of curing
 s - 2 potions of flight {unknown}


   Skills:
 + Level 5.1 Fighting
 + Level 5.1 Dodging
 - Level 5.0 Stealth
 + Level 5.1 Spellcasting
 + Level 7.2 Necromancy


You had 2 spell levels left.
You knew the following spells:

 Your Spells              Type           Power      Damage    Failure   Level
a - Necrotise             Necr           100%       1d9       1%          1
b - Vampiric Draining     Necr           30%        2d8       1%          3
c - Animate Dead          Necr           30%        N/A       7%          4
d - Frozen Ramparts       Ice            8%         1d2       36%         3
e - Blink                 Tloc           8%         N/A       21%         2
f - Sublimation of Blood  Necr           30%        N/A       1%          2

Your spell library contained the following spells:

 Spells                   Type           Power      Damage    Failure   Level
 Freeze                   Ice            16%        1d4       13%         1
 Agony                    Necr           30%        N/A       19%         5
 Gell's Gravitas          Tloc           4%         N/A       36%         3
 Lesser Beckoning         Tloc           4%         N/A       36%         3
 Teleport Other           Tloc           4%         N/A       36%         3
 Ice Form                 Ice/Tmut       4%         N/A       78%         4
 Petrify                  Tmut/Erth      4%         N/A       78%         4
 Summon Ice Beast         Ice/Summ       4%         N/A       78%         4
 Irradiate                Conj/Tmut      2%         3d12      98%         5
 Manifold Assault         Tloc           4%         N/A       98%         5
 Summon Mana Viper        Hex/Summ       4%         N/A       98%         5
 Dispersal                Tloc           2%         N/A       100%        6
 Monstrous Menagerie      Summ           2%         N/A       100%        7


Dungeon Overview and Level Annotations

Branches:
Dungeon (7/15)             Temple (0/1) D:6

Altars:
Dithmenos
Fedhas
Gozag
Sif Muna
Trog
Vehumet
Wu Jian

Annotations:
D:2 1 runed translucent door, Crazy Yiuf


Innate Abilities, Weirdness & Mutations

You sometimes gain a little power by taking damage.
Your movements are less encumbered by armour. (ER -4)
You have a small tail.
You are strong-willed. (Will+)
You expend magic power (3 MP) to strengthen your wands.


Message History

The killer bee stings you. The killer bee stings you!
You closely miss the killer bee.
The killer bee is severely wounded.
The killer bee stings you but does no damage.
The killer bee misses you.
You barely miss the killer bee.
The killer bee is severely wounded.
The killer bee closely misses you. The killer bee barely misses you.
You hit the killer bee.
The killer bee is poisoned.
The killer bee is almost dead.
The killer bee barely misses you. The killer bee stings you.
* * * LOW HITPOINT WARNING * * *
The killer bee attacks as you move away!
The killer bee stings you.
* * * LOW HITPOINT WARNING * * *
You kill the killer bee!
Vehumet accepts your kill.
You closely miss the killer bee. The killer bee stings you.
* * * LOW HITPOINT WARNING * * *
You are poisoned.
The killer bee poisons you! The killer bee stings you.
* * * LOW HITPOINT WARNING * * *
The killer bee closely misses you.
Unknown command.
It was a potion of attraction.
You feel attractive to monsters.
* * * LOW HITPOINT WARNING * * *
You feel sick. The killer bee misses you.
The killer bee stings you but does no damage.
It was a potion of curing.
You feel better. The killer bee misses you. The killer bee stings you!
* * * LOW HITPOINT WARNING * * *
You are lethally poisoned!
The killer bee poisons you!
You hit the killer bee but do no damage.
The killer bee is poisoned.
You tail-slap the killer bee!
The killer bee is heavily wounded.
* * * LOW HITPOINT WARNING * * *
You feel sick. The killer bee barely misses you. The killer bee stings you!
You die...

#. #.# #.###### #.#
#......### #.#
#.##.....# ###.###
#.##.###.### #.....#
#.o..# #...###.#.#.#
#.##.###...)..).<#.#
#. #...............#
.. ######.>@##.....#
.o. #.#y######.#
o.o. #.#)##.....#
..... #........###
...... ###.##...#
#.##..## #)##.)#
#.##..# #.##..#


You could see a killer bee (very poisoned).

Vanquished Creatures
  Duvessa (D:4)
  A water moccasin (D:6)
  A sky beast (D:7)
  2 ice beasts (D:5)
  3 ogres
  A phantom (D:6)
  A necrophage (D:5)
  Dowan (D:4)
  2 killer bees (D:7)
  4 hounds
  2 gnoll boudas
  A jelly (D:4)
  8 orc priests
  2 iguanas
  6 orc wizards
  3 adders
  9 gnolls
  3 shadow imps
  3 worms
  3 dart slugs
  15 orcs
  9 endoplasms
  4 giant cockroaches
  8 hobgoblins
  4 jackals (D:2)
  2 quokkas
  8 ball pythons
  4 bats
  2 frilled lizards
  3 goblins
  A goblin skeleton (D:6)
  A goblin zombie (D:6)
  3 hobgoblin zombies (D:6)
  6 kobolds
  3 kobold skeletons (D:6)
  A kobold zombie (D:6)
  An orc skeleton (D:6)
  5 rats
137 creatures vanquished.

Vanquished Creatures (collateral kills)
  An endoplasm (D:2)
  A hobgoblin (D:4)
2 creatures vanquished.

Vanquished Creatures (others)
  A gnoll zombie (D:5)
1 creature vanquished.

Grand Total: 140 creatures vanquished

Notes
Turn   | Place    | Note
-------+----------+-------------------------------------------
     0 | D:1      | Ashen the Demonspawn Necromancer began the quest for the
                  | Orb.
     0 | D:1      | Reached XP level 1. HP: 13/13 MP: 3/3
    48 | D:1      | Gained mutation: You are strong-willed. (Will+) [potion of
                  | mutation]
    48 | D:1      | Gained mutation: You expend magic power (3 MP) to
                  | strengthen your wands. [potion of mutation]
   117 | D:1      | Gained mutation: Your movements are slightly less
                  | encumbered by armour. (ER -2) [demonic ancestry]
   117 | D:1      | Reached XP level 2. HP: 11/20 MP: 0/5
  1084 | D:1      | Reached skill level 1 in Fighting
  1431 | D:2      | Gained mutation: Your movements are less encumbered by
                  | armour. (ER -4) [demonic ancestry]
  1431 | D:2      | Reached XP level 3. HP: 24/26 MP: 2/6
  2032 | D:2      | Found a runed translucent door.
  2033 | D:2      | Noticed Crazy Yiuf
  2058 | D:2      | Found a faded altar of an unknown god.
  2187 | D:2      | Learned a level 3 spell: Vampiric Draining
  2667 | D:3      | Reached XP level 4. HP: 24/32 MP: 3/7
  3139 | D:3      | Found a radiant altar of Vehumet.
  3146 | D:3      | Became a worshipper of Vehumet
  3315 | D:3      | Reached skill level 5 in Necromancy
  3315 | D:3      | Reached XP level 5. HP: 38/38 MP: 3/9
  3320 | D:3      | Learned a level 4 spell: Animate Dead
  3663 | D:3      | Found a shimmering blue altar of Sif Muna.
  4362 | D:4      | Noticed an ogre
  4372 | D:4      | Killed an ogre
  4373 | D:4      | Gained mutation: You sometimes gain a little power by
                  | taking damage. [demonic ancestry]
  4373 | D:4      | Reached XP level 6. HP: 46/46 MP: 3/10
  5489 | D:5      | Entered Level 5 of the Dungeon
  5489 | D:5      | Found a bloodstained altar of Trog.
  5491 | D:5      | Found an ornate altar of the Wu Jian Council.
  5615 | D:5      | Noticed an ice beast
  5626 | D:5      | Killed an ice beast
  6126 | D:5      | Reached XP level 7. HP: 23/47 MP: 12/12
  6906 | D:5      | Noticed Duvessa
  6906 | D:5      | Noticed Dowan
  7023 | D:4      | Killed Duvessa
  7024 | D:4      | Reached skill level 6 in Necromancy
  7034 | D:4      | Killed Dowan
  7260 | D:5      | Found a blossoming altar of Fedhas.
  7272 | D:5      | Reached * piety under Vehumet
  7272 | D:5      | Offered knowledge of Freeze by Vehumet.
  7362 | D:5      | Learned a level 3 spell: Frozen Ramparts
  7502 | D:5      | Found a shadowy altar of Dithmenos.
  7503 | D:5      | Found an opulent altar of Gozag.
  7690 | D:6      | Found a staircase to the Ecumenical Temple.
  7711 | D:6      | Gained mutation: You have a small tail. [demonic ancestry]
  7711 | D:6      | Reached XP level 8. HP: 43/60 MP: 4/14
  9262 | D:7      | Learned a level 2 spell: Blink
  9265 | D:7      | Learned a level 2 spell: Sublimation of Blood
  9284 | D:7      | Reached skill level 5 in Stealth
  9629 | D:7      | Reached skill level 7 in Necromancy
  9813 | D:7      | Reached skill level 5 in Spellcasting
  9883 | D:7      | Reached skill level 5 in Fighting
  9883 | D:7      | Reached skill level 5 in Dodging
  9944 | D:7      | HP: 3/62 [killer bee (7)]
  9945 | D:7      | Slain by a killer bee

Illustrated notes

Levels and vault maps discovered:
D:1:      amcnicky_arrival_flooded_fountain, layout_loops_corners
D:2:      layout_basic, shapermc_ecumenical_altar_petra,
          nicolae_figureground_sparkle, uniq_crazy_yiuf_cottage
D:3:      layout_basic, nicolae_sif_muna_little_library,
          mainiacjoe_overflow_paths, serial_co_window_serial,
          co_window_of_opportunity_a, co_window_corner_a, co_window_paths_a,
          co_window_of_opportunity_a, co_window_of_opportunity_a,
          co_window_cross_3, co_window_unsneaky_path_c, co_window_corner_b,
          co_window_cross_4, co_window_unsneaky_path_c,
          co_window_of_opportunity_c, co_window_paths_d, glass_columns_a,
          glass_columns_a, glass_columns_a, glass_columns_c, glass_columns_b
D:4:      layout_layer_cave
D:5:      dreamdust_elfheim, layout_loops_cross, grunt_temple_overflow_open,
          mainiacjoe_overflow_brackets, gammafunk_temple_overflow_wave
D:6:      layout_layer_cave, nicolae_tso_besieged_by_evil,
          minmay_temple_entry_waves
D:7:      layout_loops_ring, kennysheep_mini, mainiacjoe_overflow_chevrons

Skill      XL: |  1  2  3  4  5  6  7  8 |
---------------+-------------------------+-----
Stealth        | 2 3 4 5 |  5.0
Dodging        | 2 3 4 5 |  5.1
Fighting       | 1 2 3 5 |  5.1
Necromancy     | 5 6 7 |  7.2
Spellcasting   | 3 4 5 |  5.1

Action                   |  1- 3 |  4- 6 |  7- 9 || total
-------------------------+-------+-------+-------++-------
Melee: Unarmed           |    12 |       |       ||    12
       Staff             |     7 |     9 |       ||    16
       Short sword       |     2 |    28 |   138 ||   168
       Punch             |       |       |     2 ||     2
       Tailslap          |       |       |    11 ||    11
 Cast: Necrotise         |    64 |   107 |    67 ||   238
       Vampiric Draining |       |     4 |    25 ||    29
       Animate Dead      |       |       |     2 ||     2
  Use: Potion            |     1 |       |     3 ||     4
       Scroll            |       |       |     1 ||     1
 Stab: Sleeping          |     1 |       |     5 ||     6
       Distracted        |     1 |       |       ||     1
Armor: Robe              |     5 |       |       ||     5
       Leather armour    |       |    14 |    46 ||    60
Dodge: Dodged            |    20 |    34 |   145 ||   199
